 Dungeon Crawl Stone Soup version 0.18-a0-1195-g77a4f03 (webtiles) character file.

121 Kidiri the Conjurer (level 4, -2/24 HPs)
             Began as a Deep Elf Conjurer on Jan 29, 2016.
             Slain by an ogre
             ... wielding a +0 giant club
              (7 damage)
             ... on level 3 of the Dungeon.
             The game lasted 00:10:23 (3194 turns).

Kidiri the Conjurer (Deep Elf Conjurer)             Turns: 3194, Time: 00:10:23

Health: -2/24      AC:  8    Str:  5    XL:     4   Next: 76%
Magic:  0/12       EV: 12    Int: 21    God:
Gold:   121        SH:  0    Dex: 15    Spells: 4 memorised, 1 level left

rFire  . . .     SeeInvis +     l - +2 dagger (venom)
rCold  . . .     Gourm    +     e - +0 leather armour
rNeg   . . .     Faith    .     (no shield)
rPois  .         Spirit   .     o - +0 helmet
rElec  .         Dismiss  .     g - +0 cloak
rCorr  .         Reflect  .     (no gloves)
SustAt .         Harm     .     (no boots)
MR     .....                    k - amulet of the gourmand
Stlth  ++........               (no ring)
                                a - +3 ring of protection

@: not resistant to hostile enchantments, unstealthy
A: see invisible, mutation resistance 1, sense surroundings 1
a: no special abilities


You were on level 3 of the Dungeon.
You were completely stuffed.

You visited 1 branch of the dungeon, and saw 3 of its levels.

You collected 121 gold pieces.

Inventory:

Hand Weapons
 l - a +2 dagger of venom (weapon)
 q - a +3 dagger of distortion
Armour
 e - a +0 leather armour (worn)
 g - a +0 cloak (worn)
 o - a +0 helmet (worn)
Jewellery
 a - a +3 ring of protection (left hand)
 k - an amulet of the gourmand (around neck)
Wands
 f - a wand of fireball (9/15)
Scrolls
 j - a scroll of blinking
Potions
 i - a potion of curing
 m - a potion of heal wounds {unknown}
 p - a potion of might {unknown}
Books
 b - a book of Conjurations

   Spells                             Type                      Level
   a - Magic Dart                     Conjuration                  1
   b - Searing Ray                    Conjuration                  2
   c - Dazzling Spray                 Conjuration/Hexes            3
   d - Fulminant Prism                Conjuration/Hexes            4
   e - Iskenderun's Mystic Blast      Conjuration                  4
   f - Iskenderun's Battlesphere      Conjuration/Charms           5
Comestibles
 c - 3 bread rations
 d - 2 meat rations
 h - a beef jerky
 n - 7 chunks of flesh


   Skills:
 + Level 0.5 Fighting
 + Level 0.8 Armour
 * Level 3.5 Dodging
 + Level 3.3 Stealth
 * Level 4.4 Spellcasting
 * Level 4.7 Conjurations
 + Level 1.0 Hexes
 + Level 0.0 Evocations


You had one spell level left.
You knew the following spells:

 Your Spells              Type           Power        Failure   Level  Hunger
a - Magic Dart            Conj           ###.         2%          1    None
b - Searing Ray           Conj           ###...       4%          2    #......
c - Dazzling Spray        Conj/Hex       ###.....     21%         3    ##.....
d - Iskenderun's Mystic   Conj           ###.....     30%         4    ####...


Dungeon Overview and Level Annotations

Branches:
Dungeon (3/15)

Altars:
Nemelex Xobeh


Innate Abilities, Weirdness & Mutations

You have supernaturally acute eyesight.
You are somewhat resistant to further mutation.
You passively map a small area around you.


Message History

The ogre hits you with a giant club!
Ouch! That really hurt!
* * * LOW HITPOINT WARNING * * *
Unknown command.
The ogre looks more healthy.
Casting: Magic Dart
Confirm with . or Enter, or press ? or * to list all spells.
Aiming: Magic Dart
Press: ? - help, Shift-Dir - straight line, f/p - ogre
Aim: an ogre, wielding a giant club (almost dead)
The magic dart hits the ogre.
The ogre is almost dead.
Your magical contamination has completely faded away.
Drink which item? (? for menu, Esc to quit)
You feel better. The ogre hits you with a giant club!
* * * LOW HITPOINT WARNING * * *
You hit the ogre.
The ogre is poisoned.
The ogre is almost dead.
The ogre hits you with a giant club!
You die...

#. #.# *###.###.#
#########
........###.......#
,,............#####.#
###.##..###.# #.#
#.)# #.# #.#
,##..###.# #.# *###
#...<.>O#####)# ,
#..g##......@(....#
#.g.'..###...#.#.##
*#..%#........#.#.# *
### ##..##.#.#.#.#
#.###...##.#.#.#.# *
#......###.#.#.#.#*
.#
##.#.###.##.....#.. ,
.# #..>.#
#......##### ** .#
#..#.###.##.###


You could see an ogre.

Vanquished Creatures
  3 adders
  2 giant geckos (D:1)
  2 orcs (D:3)
  2 ball pythons
  5 bats
  2 giant cockroaches
  21 goblins
  9 hobgoblins
  11 jackals
  2 quokkas (D:2)
  A giant newt (D:1)
  9 kobolds
  5 rats
74 creatures vanquished.

Notes
Turn   | Place    | Note
--------------------------------------------------------------
     0 | D:1      | Kidiri the Deep Elf Conjurer began the quest for the Orb.
     0 | D:1      | Reached XP level 1. HP: 10/10 MP: 6/6
   328 | D:1      | Reached XP level 2. HP: 15/15 MP: 4/8
   360 | D:1      | Learned a level 2 spell: Searing Ray
   563 | D:1      | Found a sparkling altar of Nemelex Xobeh.
   762 | D:1      | Reached XP level 3. HP: 19/19 MP: 7/10
   767 | D:1      | Learned a level 3 spell: Dazzling Spray
  1369 | D:1      | Gained mutation: You passively map a small area around you. [potion of mutation]
  1369 | D:1      | Gained mutation: You have supernaturally acute eyesight. [potion of mutation]
  1369 | D:1      | Gained mutation: You are somewhat resistant to further mutation. [potion of mutation]
  2125 | D:2      | Reached XP level 4. HP: 24/24 MP: 7/12
  2131 | D:2      | Learned a level 4 spell: Iskenderun's Mystic Blast
  3096 | D:3      | Noticed an ogre
  3120 | D:3      | Reached skill level 1 in Hexes
  3194 | D:3      | Slain by an ogre

Vault maps used:
D:1:      roderic_crossed_star, nemelex_diamond_rough_becter
D:2:      first_bread, minmay_distorted
D:3:      corexii_shack_village, minmay_ogre_servants

Action                   |  1- 3 |  4- 6 || total
-------------------------+-------+-------++-------
Melee: Club              |     9 |       ||     9
       Dagger            |     9 |    25 ||    34
 Cast: Magic Dart        |    69 |    43 ||   112
       Dazzling Spray    |     2 |     6 ||     8
  Use: Scroll            |     6 |     4 ||    10
       Potion            |     1 |     1 ||     2
 Stab: Sleeping          |     2 |     4 ||     6
       Invisible         |       |     1 ||     1
  Eat: Chunk             |     1 |    11 ||    12
       Meat ration       |     1 |       ||     1
